 Dungeon Crawl Stone Soup version 0.18.1-47-g9310371 (webtiles) character file.

2002 HatfulOfHollow the Cleaver (level 9, -3/71 HPs)
             Began as a Minotaur Berserker on June 14, 2016.
             Was an Elder of Trog.
             Slain by a gnoll
             ... wielding a +0 whip
              (4 damage)
             ... on level 5 of the Dungeon.
             The game lasted 01:04:27 (5602 turns).

HatfulOfHollow the Cleaver (Minotaur Berserker)     Turns: 5602, Time: 01:04:27

Health: -3/71      AC:  7    Str: 25    XL:     9   Next: 2%
Magic:  17/17      EV: 10    Int:  4    God:    Trog [****..]
Gold:   256        SH:  0    Dex: 10    Spells: 0 memorised, 8 levels left

rFire  . . .     SeeInvis .     e - +0 war axe
rCold  + . .     Gourm    .     P - +0 scale mail {rC+}
rNeg   . . .     Faith    .     (no shield)
rPois  .         Spirit   .     (helmet restricted)
rElec  .         Dismiss  .     (no cloak)
rCorr  .         Reflect  .     (no gloves)
SustAt .         Harm     .     r - +0 pair of boots
MR     .....                    (no amulet)
Stlth  ..........               (no ring)
                                v - ring of magical power

@: starving, not resistant to hostile enchantments, extremely unstealthy
A: retaliatory headbutt, horns 2
a: Berserk, Trog's Hand, Brothers in Arms, Burn Spellbooks, Renounce Religion


You were on level 5 of the Dungeon.
You worshipped Trog.
Trog was greatly pleased with you.
You were starving.

You visited 1 branch of the dungeon, and saw 5 of its levels.

You collected 256 gold pieces.

Inventory:

Hand Weapons
 a - a +0 hand axe
 e - a +0 war axe (weapon)
 h - a +0 hunting sling
 w - a +0 blowgun
 G - a +2 halberd of freezing
 M - a +0 shortbow
 R - a +0 giant club
Missiles
 f - 169 stones
 g - 36 sling bullets
 m - 153 arrows
 n - 24 poisoned needles
 D - 3 javelins
 J - 36 bolts
 K - 7 poisoned javelins
 L - 2 tomahawks
 N - 7 javelins of returning (quivered)
Armour
 b - a +0 animal skin
 d - a +0 ring mail
 l - a +0 robe
 r - a +0 pair of boots (worn)
 s - a +0 animal skin
 t - a +1 helmet
 y - a +0 scale mail
 P - a +0 scale mail of cold resistance (worn)
Jewellery
 v - a ring of magical power (left hand)
Wands
 o - a wand of confusion (22/48)
 O - a wand of disintegration (16/24)
Scrolls
 c - a scroll of identify
 u - a scroll of enchant weapon {unknown}
 x - a scroll of amnesia
 z - a scroll of teleportation
 C - 3 scrolls of enchant armour {unknown}
 H - a scroll of magic mapping {unknown}
Potions
 i - 5 potions of curing
 k - 2 potions of ambrosia
 p - a potion of berserk rage
 q - a potion of cancellation
 A - a potion of might
 B - 2 potions of brilliance
 F - a potion of agility
 Q - 2 potions of heal wounds {unknown}
Comestibles
 j - 3 fruits
 E - a meat ration
 I - a slice of pizza
 S - a bread ration
 T - a beef jerky


   Skills:
 - Level 3.8 Fighting
 * Level 13.2 Axes
 + Level 3.2 Throwing
 - Level 2.6 Armour
 - Level 2.1 Dodging


You had 8 spell levels left.
You didn't know any spells.

Dungeon Overview and Level Annotations

Branches:
Dungeon (5/15)             Temple (0/1) D:4

Altars:


Innate Abilities, Weirdness & Mutations

You reflexively headbutt those who attack you in melee.
You have a pair of horns on your head.


Message History

* * * LOW HITPOINT WARNING * * *
The gnoll closely misses you.
You slash the gnoll! Your headbutt misses the gnoll.
The gnoll is heavily wounded.
The gnoll barely misses you.
You hit the gnoll but do no damage. Your headbutt misses the gnoll.
The gnoll is heavily wounded.
The gnoll barely misses you.
The gnoll shaman invokes the aid of its god against you.
You easily resist.
You closely miss the gnoll.
The gnoll is heavily wounded.
The gnoll hits you but does no damage. The gnoll hits you with a whip.
* * * LOW HITPOINT WARNING * * *
You barely miss the gnoll.
The gnoll is heavily wounded.
The gnoll hits you with a whip!
* * * LOW HITPOINT WARNING * * *
The gnoll hits you with a whip.
You die...

#...#...........
#.....##...+...........
#.....##...#...........
#.....#................
#####.....#........##.)....
#.........#)##.....######..
#.........#.<#.....#######.
#.......g#####.....'.รท.)...
#.......gg@........########
##....g.#######............
##................#........
#.....g.#######.#.'........ #####
#......## #.#.#........ ....#
#.....## #.#.#...#'#..
....###.##### #.#.#.#.#.###
.)......#############.#...Z.#....
..........g...........#####<#.###


You could see a gnoll shaman and 3 gnolls.

Vanquished Creatures
  A hungry ghost (D:4)
  An ice beast (D:5)
  A necrophage (D:3)
  3 ogres
  A wasp (D:5)
  A centaur (D:5)
  The ghost of 1ViolentTentacleRape the Insei, an amateur OpMo (D:3)
  2 scorpions
  4 killer bees (D:3)
  A crimson imp (D:5)
  2 hounds (D:4)
  A jelly (D:4)
  2 orc wizards (D:5)
  3 gnoll shamans (D:5)
  An iguana (D:5)
  Jessica (D:2)
  Ijyb (D:2)
  4 worker ants
  Robin (D:2)
  A worker ant zombie (D:4)
  28 gnolls
  6 adders
  An ooze (D:4)
  A worm (D:3)
  2 giant geckos (D:5)
  12 orcs
  8 giant cockroaches
  9 goblins
  15 hobgoblins
  16 jackals
  4 quokkas
  A ball python (D:4)
  8 bats
  5 giant newts
  A jackal zombie (D:5)
  5 kobolds
  A quokka zombie (D:4)
  10 rats
  2 plants
168 creatures vanquished.

Vanquished Creatures (others)
  A fungus (D:5)
  12 toadstools (D:5)
13 creatures vanquished.

Grand Total: 181 creatures vanquished

Notes
Turn   | Place    | Note
--------------------------------------------------------------
     0 | D:1      | HatfulOfHollow the Minotaur Berserker began the quest for the Orb.
     0 | D:1      | Reached XP level 1. HP: 19/19 MP: 0/0
   503 | D:1      | Reached skill level 4 in Axes
   503 | D:1      | Reached XP level 2. HP: 23/27 MP: 1/1
   952 | D:2      | Reached XP level 3. HP: 33/33 MP: 2/2
  1024 | D:2      | Noticed Robin
  1025 | D:2      | Reached ** piety under Trog
  1025 | D:2      | Reached skill level 5 in Axes
  1034 | D:2      | Killed Robin
  1232 | D:2      | Noticed Ijyb
  1242 | D:2      | Killed Ijyb
  1242 | D:2      | Reached skill level 6 in Axes
  1242 | D:2      | Reached XP level 4. HP: 31/40 MP: 3/3
  1532 | D:2      | Noticed Jessica
  1547 | D:2      | Killed Jessica
  1876 | D:3      | Reached *** piety under Trog
  1943 | D:3      | Reached XP level 5. HP: 42/46 MP: 4/4
  2038 | D:3      | Noticed 1ViolentTentacleRape's ghost (amateur OpMo)
  2060 | D:3      | Killed 1ViolentTentacleRape's ghost
  2060 | D:3      | Reached skill level 7 in Axes
  2181 | D:3      | Reached XP level 6. HP: 45/52 MP: 5/5
  2183 | D:3      | Reached skill level 8 in Axes
  2494 | D:3      | Reached skill level 9 in Axes
  2576 | D:3      | Reached XP level 7. HP: 56/58 MP: 6/6
  2646 | D:4      | Reached skill level 10 in Axes
  2690 | D:4      | Found a staircase to the Ecumenical Temple.
  3209 | D:4      | Reached skill level 11 in Axes
  3427 | D:4      | Noticed a hungry ghost
  3450 | D:4      | Killed a hungry ghost
  3450 | D:4      | Reached XP level 8. HP: 60/66 MP: 7/7
  3496 | D:4      | Reached **** piety under Trog
  3561 | D:4      | You fall through a shaft!
  3561 | D:5      | Entered Level 5 of the Dungeon
  3696 | D:5      | Reached skill level 12 in Axes
  3725 | D:5      | Received a gift from Trog
  4314 | D:5      | Reached skill level 1 in Throwing
  4842 | D:5      | Received a gift from Trog
  4842 | D:5      | Reached skill level 13 in Axes
  5524 | D:5      | Reached XP level 9. HP: 49/71 MP: 8/8
  5601 | D:5      | HP: 1/71 [gnoll/whip (7)]
  5602 | D:5      | Slain by a gnoll

Skill      XL: |  1  2  3  4  5  6  7  8 |
---------------+-------------------------+-----
Axes           | 4 6 7 9 11 13 | 13.2
Throwing       | 3 |  3.2
Fighting       | |  3.8
Armour         | |  2.6
Dodging        | |  2.1

Action                   |  1- 3 |  4- 6 |  7- 9 || total
-------------------------+-------+-------+-------++-------
Melee: Hand axe          |    98 |    79 |    85 ||   262
       Headbutt          |    19 |    11 |    45 ||    75
       War axe           |       |       |   163 ||   163
 Fire: Hunting sling     |       |     3 |       ||     3
       Blowgun           |       |       |     1 ||     1
Throw: Tomahawk          |     2 |     5 |     8 ||    15
       Javelin           |       |       |    11 ||    11
       Stone             |       |       |     3 ||     3
Invok: Berserk           |     2 |     1 |     1 ||     4
  Use: Scroll            |     4 |     5 |     4 ||    13
       Potion            |       |       |     1 ||     1
  Eat: Bread ration      |     1 |       |     1 ||     2
       Chunk             |       |     1 |     3 ||     4
       Meat ration       |       |     1 |     1 ||     2
       Fruit             |       |       |     1 ||     1
Armor: Animal skin       |     3 |       |       ||     3
       Robe              |     3 |     1 |       ||     4
       Ring mail         |       |    32 |    41 ||    73
       Scale mail        |       |       |    52 ||    52
Dodge: Dodged            |    37 |    44 |   155 ||   236
